Rangers vs Bruins
Created - February 1, 2018 at 19:00
Goals
|
| Rangers |
0 |
1 |
0 |
1 |
| Bruins |
2 |
0 |
1 |
3 |
|
Shots
|
| Rangers |
15 |
8 |
3 |
26 |
| Bruins |
5 |
7 |
17 |
29 |
|
1st period
1. Bruins , Nathan Horton 9 (Andrew Alberts 17, Marc Savard 27) at 1:08
2. Bruins , Wojtek Wolski 26 (Henrik Sedin 31) at 12:43 (PP)
Penalties :
Jason Demers (Bos) for Hooking (Minor) at 3:03, Victor Oreskovich (Bos) for Holding (Minor) at 6:37, Matt Read (NYR) for Unsportsmanlike conduct (Minor) at 12:37, Ryan Suter (NYR) for Tripping (Minor) at 13:26
2nd period
3. Rangers , Stephen Weiss 6 (Matt Greene 11) at 3:18 (PP)
Penalties :
Nate Prosser (Bos) for Hooking (Minor) at 2:25, Darren Reid (NYR) for Tripping (Minor) at 7:26
3rd period
4. Bruins , Nathan Horton 10 (Marc Savard 28, Alex Tanguay 19) at 1:05
Penalties :
No Penalty
Goalie Stats
Henrik Lundqvist (NYR), 26 saves from 29 shots - (0.897), L, 17-13-2, 60:00 minutes
Kevin Poulin (Bos), 25 saves from 26 shots - (0.962), W, 16-12-4, 60:00 minutes
Players Stats for Rangers
Player Name G A P +/- PIM S H SB GA TA FO MP PP MP PK MP
------------------------------------------------------------------------------------
Alexei Emelin 0 0 0 0 0 0 0 0 0 2 0/0 12:59 0:00 0:19
Cam Barker 0 0 0 0 0 3 0 1 1 3 0/0 26:52 2:50 2:22
Darren Reid 0 0 0 0 2 1 0 0 0 0 0/0 10:22 0:06 0:30
Jakob Silfverberg 0 0 0 -1 0 2 1 1 1 0 0/0 17:10 2:20 0:00
James Neal 0 0 0 0 0 3 2 2 0 0 2/4 21:53 2:25 2:20
Mark Fistric 0 0 0 0 0 1 1 0 0 1 0/0 26:52 2:50 2:22
Matt Greene 0 1 1 -2 0 1 1 2 0 1 0/0 20:05 2:01 1:42
Matt Read 0 0 0 -1 2 1 1 0 0 0 0/0 11:18 0:00 1:13
Mike Cammalleri 0 0 0 -1 0 1 3 0 1 0 0/0 17:41 2:20 0:25
Milan Lucic 0 0 0 0 0 4 2 1 1 1 4/8 21:51 2:31 2:13
Nathan Gerbe 0 0 0 -1 0 1 2 0 0 0 0/1 10:09 0:00 0:00
Nick Foligno 0 0 0 0 0 1 1 0 0 0 0/0 9:08 0:00 0:00
Patrice Bergeron 0 0 0 0 0 2 1 0 1 1 8/21 19:35 2:31 0:00
Ryan Suter 0 0 0 -2 2 0 2 1 0 0 0/0 19:22 2:01 0:43
Sean Couturier 0 0 0 -1 0 1 2 1 0 0 1/4 11:40 0:00 1:27
Staffan Kronwall 0 0 0 0 0 1 0 0 0 0 0/0 13:14 0:00 0:40
Stephen Weiss 1 0 1 -1 0 3 0 0 0 0 4/7 17:09 2:20 0:00
Valtteri Filppula 0 0 0 0 0 0 1 0 0 0 0/0 8:33 0:00 0:00
Players Stats for Bruins
Player Name G A P +/- PIM S H SB GA TA FO MP PP MP PK MP
------------------------------------------------------------------------------------
Adam McQuaid 0 0 0 0 0 0 1 1 0 0 0/0 13:10 0:00 0:19
Alex Tanguay 0 1 1 2 0 0 1 0 0 0 0/0 14:37 0:04 0:24
Andrew Alberts 0 1 1 2 0 1 1 0 3 2 0/0 22:14 2:18 2:08
Cam Fowler 0 0 0 2 0 0 0 1 0 0 0/0 19:35 1:39 1:34
Dave Bolland 0 0 0 0 0 3 0 0 0 0 3/5 13:11 0:04 2:07
Henrik Sedin 0 1 1 0 0 4 2 1 0 0 16/28 22:18 2:16 2:40
Jason Demers 0 0 0 0 2 2 2 1 0 0 0/0 25:06 2:25 1:07
Kris Chucko 0 0 0 0 0 0 1 0 1 0 0/0 9:48 0:00 0:00
Marc Savard 0 2 2 2 0 1 0 0 0 0 6/9 15:34 1:44 0:04
Mike Fisher 0 0 0 0 0 1 0 0 1 0 1/2 9:43 0:00 0:00
Nate Prosser 0 0 0 0 2 0 0 0 1 1 0/0 15:00 0:07 2:31
Nathan Horton 2 0 2 2 0 3 4 0 0 0 0/0 17:28 2:16 1:47
Nikolai Zherdev 0 0 0 0 0 0 1 0 0 0 0/0 10:00 0:04 0:00
Rene Bourque 0 0 0 0 0 0 0 0 0 0 0/0 10:43 0:00 0:00
Shane O'Brien 0 0 0 0 0 3 2 1 0 1 0/0 23:03 1:39 2:03
Victor Oreskovich 0 0 0 0 2 1 3 1 1 0 0/0 19:05 1:44 0:00
Viktor Stalberg 0 0 0 0 0 1 2 0 0 0 0/0 12:17 1:44 0:00
Wojtek Wolski 1 0 1 0 0 9 1 2 2 1 0/1 22:14 2:16 2:40
3 Stars
1 - Nathan Horton (Bos)
2 - Kevin Poulin (Bos)
3 - Marc Savard (Bos)
Power Play
Rangers - 1 on 3 Attempt(s) - 33.33%
Bruins - 1 on 3 Attempt(s) - 33.33%
Penalty Kill
Rangers - 2 on 3 Attempt(s) - 66.67%
- Score 0 goal in Penalty Kill
Bruins - 2 on 3 Attempt(s) - 66.67%
- Score 0 goal in Penalty Kill
Team Stat
Rangers - Hits : 20 - Faceoff Wins : 19 - Blocked Shots : 9 - Penalty Minutes : 6
Bruins - Hits : 21 - Faceoff Wins : 26 - Blocked Shots : 8 - Penalty Minutes : 6
Official
Referees : Walsh Ian and O'Rourke Dan
Linesman : Shane Heyer and Greg Devorski
Game Notes
No Game Note
Finance
Level 1 -- Attendance: 4098 (68.30%) -- Ticket Income $426,192
Level 2 -- Attendance: 3365 (67.30%) -- Ticket Income $215,360
Level 3 -- Attendance: 2000 (100.00%) -- Ticket Income $68,000
Level 4 -- Attendance: 4000 (100.00%) -- Ticket Income $96,000
Luxury Box -- Attendance: 673 (67.30%) -- Ticket Income $130,562
Game was played at the TD Banknorth Garden.
Total Attendance: 14136 (78.53%)
Total Ticket Income: $936,114
Other Income: $140,417
Total Income: $1,076,531
Rangers
5 vs 5 Forward
Center Left Wing Right Wing Time % Phy DF OF
1 Patrice Bergeron Milan Lucic James Neal 40 1 2 2
2 Stephen Weiss Mike Cammalleri Jakob Silfverberg 30 1 2 2
3 Sean Couturier Nathan Gerbe Matt Read 20 1 2 2
4 Valtteri Filppula Nick Foligno Darren Reid 10 1 2 2
5 vs 5 Defense
Defense Defense Time % Phy DF OF
1 Cam Barker Mark Fistric 40 1 2 2
2 Matt Greene Ryan Suter 30 1 2 2
3 Staffan Kronwall Alexei Emelin 20 1 2 2
4 Cam Barker Mark Fistric 10 1 2 2
PowerPlay Forward
Center Left Wing Right Wing Time % Phy DF OF
1 Milan Lucic Patrice Bergeron James Neal 60 1 2 2
2 Mike Cammalleri Stephen Weiss Jakob Silfverberg 40 1 2 2
PowerPlay Defense
Defense Defense Time % Phy DF OF
1 Cam Barker Mark Fistric 60 1 2 2
2 Matt Greene Ryan Suter 40 1 2 2
Penalty Kill 4 Players Forward
Center Wing Time % Phy DF OF
1 Milan Lucic James Neal 60 1 2 2
2 Darren Reid Matt Read 40 1 2 2
Penalty Kill 4 Players Defense
Defense Defense Time % Phy DF OF
1 Mark Fistric Cam Barker 60 1 2 2
2 Ryan Suter Matt Greene 40 1 2 2
Penalty Kill - 3 Players Forward
Forward Time % Phy DF OF
1 Patrice Bergeron 60 1 2 2
2 Nathan Gerbe 40 1 2 2
Penalty Kill - 3 Players Defense
Defense Defense Time % Phy DF OF
1 Mark Fistric Cam Barker 60 1 2 2
2 Alexei Emelin Staffan Kronwall 40 1 2 2
4 vs 4 Forward
Center Wing Time % Phy DF OF
1 Patrice Bergeron Milan Lucic 60 1 2 2
2 James Neal Valtteri Filppula 40 1 2 2
4 vs 4 Defense
Defense Defense Time % Phy DF OF
1 Cam Barker Mark Fistric 60 1 2 2
2 Staffan Kronwall Alexei Emelin 40 1 2 2
Last Minutes Offensive
Center Left Wing Right Wing Defense Defense
Milan Lucic Patrice Bergeron James Neal Cam Barker Mark Fistric
Last Minutes Defensive
Center Left Wing Right Wing Defense Defense
Milan Lucic Patrice Bergeron James Neal Cam Barker Mark Fistric
Goaltenders
Starting : Henrik Lundqvist
Backup : Braden Holtby
Extra Forwards
Normal : Nick Foligno, Milan Lucic, Patrice Bergeron - PP : James Neal, Jakob Silfverberg - PK : Sean Couturier
Extra Defensemen
Normal : Mark Fistric, Cam Barker, Matt Greene - PP : Mark Fistric - PK : Staffan Kronwall, Cam Barker
Penalty Shots
Nick Foligno, Milan Lucic, Patrice Bergeron, James Neal, Jakob Silfverberg
Scratches
Artem Anisimov (Healthy)
Bruins
5 vs 5 Forward
Center Left Wing Right Wing Time % Phy DF OF
1 Henrik Sedin Wojtek Wolski Victor Oreskovich 40 0 2 3
2 Marc Savard Alex Tanguay Nathan Horton 30 0 2 3
3 Dave Bolland Viktor Stalberg Rene Bourque 20 1 2 2
4 Mike Fisher Kris Chucko Nikolai Zherdev 10 1 2 2
5 vs 5 Defense
Defense Defense Time % Phy DF OF
1 Jason Demers Shane O'Brien 40 0 2 3
2 Cam Fowler Andrew Alberts 30 1 2 2
3 Adam McQuaid Nate Prosser 20 1 2 2
4 Jason Demers Andrew Alberts 10 1 2 2
PowerPlay Forward
Center Left Wing Right Wing Time % Phy DF OF
1 Henrik Sedin Wojtek Wolski Nathan Horton 60 0 1 4
2 Marc Savard Viktor Stalberg Victor Oreskovich 40 0 1 4
PowerPlay Defense
Defense Defense Time % Phy DF OF
1 Jason Demers Andrew Alberts 60 0 2 3
2 Cam Fowler Shane O'Brien 40 0 2 3
Penalty Kill 4 Players Forward
Center Wing Time % Phy DF OF
1 Henrik Sedin Wojtek Wolski 60 0 4 1
2 Nathan Horton Dave Bolland 40 0 4 1
Penalty Kill 4 Players Defense
Defense Defense Time % Phy DF OF
1 Jason Demers Shane O'Brien 60 0 5 0
2 Nate Prosser Andrew Alberts 40 0 5 0
Penalty Kill - 3 Players Forward
Forward Time % Phy DF OF
1 Wojtek Wolski 60 0 4 1
2 Nathan Horton 40 0 4 1
Penalty Kill - 3 Players Defense
Defense Defense Time % Phy DF OF
1 Jason Demers Shane O'Brien 60 0 5 0
2 Nate Prosser Andrew Alberts 40 0 5 0
4 vs 4 Forward
Center Wing Time % Phy DF OF
1 Henrik Sedin Wojtek Wolski 60 0 2 3
2 Marc Savard Victor Oreskovich 40 0 2 3
4 vs 4 Defense
Defense Defense Time % Phy DF OF
1 Jason Demers Shane O'Brien 60 1 2 2
2 Nate Prosser Andrew Alberts 40 1 2 2
Last Minutes Offensive
Center Left Wing Right Wing Defense Defense
Henrik Sedin Wojtek Wolski Victor Oreskovich Jason Demers Andrew Alberts
Last Minutes Defensive
Center Left Wing Right Wing Defense Defense
Henrik Sedin Wojtek Wolski Victor Oreskovich Jason Demers Shane O'Brien
Goaltenders
Starting : Kevin Poulin
Backup : Craig Anderson
Extra Forwards
Normal : Viktor Stalberg, Wojtek Wolski, Nathan Horton - PP : Viktor Stalberg, Dave Bolland - PK : Nathan Horton
Extra Defensemen
Normal : Cam Fowler, Jason Demers, Andrew Alberts - PP : Nate Prosser - PK : Nate Prosser, Cam Fowler
Penalty Shots
Wojtek Wolski, Viktor Stalberg, Nathan Horton, Marc Savard, Henrik Sedin
Scratches
Kevin Bieksa (Groin Injury)
% Time on Ice - Rangers
Lines # - Real PCT - Wanted PCT - Time Play
Normal Forward
1 - 33% - 40% - 16:51
2 - 35% - 30% - 17:39
3 - 18% - 20% - 9:01
4 - 15% - 10% - 7:34
Normal Defense
1 - 39% - 40% - 19:41
2 - 33% - 30% - 17:01
3 - 24% - 20% - 12:14
4 - 4% - 10% - 2:09
PP Forward
1 - 52% - 60% - 2:31
2 - 48% - 40% - 2:20
PP Defense
1 - 58% - 60% - 2:50
2 - 42% - 40% - 2:01
PK Forward
1 - 70% - 60% - 2:51
2 - 30% - 40% - 1:13
PK Defense
1 - 58% - 60% - 2:22
2 - 42% - 40% - 1:42
PK3 Forward
1 - 0% - 60%
2 - 0% - 40%
PK3 Defense
1 - 0% - 60%
2 - 0% - 40%
44 Forward
1 - 0% - 60%
2 - 0% - 40%
44 Defense
1 - 0% - 60%
2 - 0% - 40%
Last Minute Offensive - 0:00
Last Minute Defensive - 0:00
Total
Forward - 60:00
Defense - 60:00
|
% Time on Ice - Bruins
Lines # - Real PCT - Wanted PCT - Time Play
Normal Forward
1 - 36% - 40% - 18:37
2 - 31% - 30% - 15:36
3 - 17% - 20% - 8:51
4 - 16% - 10% - 8:01
Normal Defense
1 - 38% - 40% - 19:36
2 - 28% - 30% - 14:10
3 - 25% - 20% - 12:52
4 - 9% - 10% - 4:27
PP Forward
1 - 57% - 60% - 2:20
2 - 43% - 40% - 1:44
PP Defense
1 - 59% - 60% - 2:25
2 - 41% - 40% - 1:39
PK Forward
1 - 63% - 60% - 3:04
2 - 37% - 40% - 1:47
PK Defense
1 - 59% - 60% - 2:53
2 - 41% - 40% - 1:58
PK3 Forward
1 - 0% - 60%
2 - 0% - 40%
PK3 Defense
1 - 0% - 60%
2 - 0% - 40%
44 Forward
1 - 0% - 60%
2 - 0% - 40%
44 Defense
1 - 0% - 60%
2 - 0% - 40%
Last Minute Offensive - 0:00
Last Minute Defensive - 0:00
Total
Forward - 60:00
Defense - 60:00
|
Play by Play
1st period
0:01 of 1st period - Patrice Bergeron wins face-off versus Henrik Sedin in neutral zone.
0:12 of 1st period - Snap shot by Patrice Bergeron.
0:12 of 1st period - Deflect By Milan Lucic.
0:12 of 1st period - Shot Misses the Net.
0:12 of 1st period - Puck is out of play.
0:13 of 1st period - Stephen Weiss wins face-off versus Marc Savard in Bruins zone.
0:14 of 1st period - Snap shot by Jakob Silfverberg.
0:14 of 1st period - Stopped by Kevin Poulin with a rebound.
0:36 of 1st period - Cam Fowler is hit by Sean Couturier and loses puck.
1:04 of 1st period - Snap shot by Marc Savard.
1:04 of 1st period - Shot Misses the Net.
1:06 of 1st period - Snap shot by Andrew Alberts.
1:06 of 1st period - Shot Blocked by Matt Greene.
1:08 of 1st period - Wrist shot by Nathan Horton.
1:08 of 1st period - Goal by Nathan Horton - Rangers : 0 - Bruins : 1.
1:09 of 1st period - Henrik Sedin wins face-off versus Patrice Bergeron in neutral zone.
1:22 of 1st period - Wrist shot by Wojtek Wolski.
1:22 of 1st period - Shot Misses the Net.
1:25 of 1st period - Icing by Cam Barker.
1:26 of 1st period - Dave Bolland wins face-off versus Patrice Bergeron in Rangers zone.
1:57 of 1st period - Wrist shot by Stephen Weiss.
1:57 of 1st period - Shot Blocked by Adam McQuaid.
2:03 of 1st period - Snap shot by Stephen Weiss.
2:03 of 1st period - Shot Misses the Net.
2:27 of 1st period - Slapshot by Cam Barker.
2:27 of 1st period - Stopped by Kevin Poulin without a rebound.
2:28 of 1st period - Patrice Bergeron wins face-off versus Dave Bolland in Bruins zone.
3:03 of 1st period - Minor Penalty to Jason Demers for Hooking.
3:04 of 1st period - Milan Lucic wins face-off versus Henrik Sedin in Bruins zone.
3:08 of 1st period - Snap shot by James Neal.
3:08 of 1st period - Shot Blocked by Henrik Sedin.
3:10 of 1st period - Wrist shot by Milan Lucic.
3:10 of 1st period - Shot Misses the Net.
3:12 of 1st period - Wrist shot by Patrice Bergeron.
3:12 of 1st period - Stopped by Kevin Poulin with a rebound.
3:14 of 1st period - Slapshot by Cam Barker.
3:14 of 1st period - Stopped by Kevin Poulin without a rebound.
3:15 of 1st period - Milan Lucic wins face-off versus Henrik Sedin in Bruins zone.
3:53 of 1st period - Henrik Sedin is hit by Jakob Silfverberg and loses puck.
4:20 of 1st period - Wrist shot by Nathan Horton.
4:20 of 1st period - Stopped by Henrik Lundqvist with a rebound.
5:03 of 1st period - Penalty to Jason Demers is over, Jason Demers is back on ice.
5:22 of 1st period - Backhand shot by Nick Foligno.
5:22 of 1st period - Shot Blocked by Jason Demers.
5:24 of 1st period - Slapshot by Staffan Kronwall.
5:24 of 1st period - Deflect By Jason Demers.
5:24 of 1st period - Stopped by Kevin Poulin without a rebound.
5:25 of 1st period - Sean Couturier wins face-off versus Mike Fisher in Bruins zone.
5:40 of 1st period - Matt Read is hit by Shane O'Brien.
6:37 of 1st period - Minor Penalty to Victor Oreskovich for Holding.
6:38 of 1st period - Milan Lucic wins face-off versus Henrik Sedin in Bruins zone.
8:37 of 1st period - Penalty to Victor Oreskovich is over, Victor Oreskovich is back on ice.
9:24 of 1st period - Rene Bourque is hit by Mark Fistric and loses puck.
10:12 of 1st period - Staffan Kronwall is hit by Adam McQuaid and loses puck.
10:17 of 1st period - Snap shot by Alex Tanguay.
10:17 of 1st period - Shot Misses the Net.
10:19 of 1st period - Snap shot by Alex Tanguay.
10:19 of 1st period - Shot Misses the Net.
10:45 of 1st period - Dave Bolland is hit by Nathan Gerbe and loses puck.
10:56 of 1st period - Alex Tanguay is hit by Ryan Suter and loses puck.
11:09 of 1st period - Wrist shot by Mike Cammalleri.
11:09 of 1st period - Stopped by Kevin Poulin with a rebound.
11:11 of 1st period - Snap shot by Stephen Weiss.
11:11 of 1st period - Stopped by Kevin Poulin with a rebound.
11:29 of 1st period - Henrik Sedin is hit by Nathan Gerbe and loses puck.
12:02 of 1st period - Dave Bolland is hit by James Neal and loses puck.
12:37 of 1st period - Minor Penalty to Matt Read for Unsportsmanlike conduct.
12:38 of 1st period - Henrik Sedin wins face-off versus Milan Lucic in Rangers zone.
12:39 of 1st period - Wrist shot by Wojtek Wolski.
12:39 of 1st period - Shot Misses the Net.
12:43 of 1st period - Snap shot by Wojtek Wolski.
12:43 of 1st period - Goal by Wojtek Wolski - Rangers : 0 - Bruins : 2.
12:44 of 1st period - Henrik Sedin wins face-off versus Patrice Bergeron in neutral zone.
13:11 of 1st period - Andrew Alberts is hit by Mike Cammalleri and loses puck.
13:26 of 1st period - Minor Penalty to Ryan Suter for Tripping.
13:27 of 1st period - Henrik Sedin wins face-off versus Milan Lucic in Rangers zone.
15:26 of 1st period - Penalty to Ryan Suter is over, Ryan Suter is back on ice.
15:30 of 1st period - Slapshot by Cam Barker.
15:30 of 1st period - Stopped by Kevin Poulin with a rebound.
16:17 of 1st period - Marc Savard is hit by Matt Read and loses puck.
16:41 of 1st period - Cam Barker is hit by Kris Chucko.
17:09 of 1st period - Snap shot by Matt Read.
17:09 of 1st period - Shot Misses the Net.
17:11 of 1st period - Wrist shot by Nathan Gerbe.
17:11 of 1st period - Stopped by Kevin Poulin without a rebound.
17:12 of 1st period - Mike Fisher wins face-off versus Sean Couturier in Bruins zone.
17:42 of 1st period - Wrist shot by James Neal.
17:42 of 1st period - Stopped by Kevin Poulin with a rebound.
18:35 of 1st period - Slapshot by Milan Lucic.
18:35 of 1st period - Shot Misses the Net.
18:37 of 1st period - Wrist shot by Milan Lucic.
18:37 of 1st period - Stopped by Kevin Poulin without a rebound.
18:38 of 1st period - James Neal wins face-off versus Wojtek Wolski in Bruins zone.
18:41 of 1st period - Wrist shot by Milan Lucic.
18:41 of 1st period - Stopped by Kevin Poulin with a rebound.
18:43 of 1st period - Slapshot by Matt Greene.
18:43 of 1st period - Stopped by Kevin Poulin with a rebound.
18:59 of 1st period - Wrist shot by Milan Lucic.
18:59 of 1st period - Shot Misses the Net.
19:01 of 1st period - Slapshot by Ryan Suter.
19:01 of 1st period - Deflect By Patrice Bergeron.
19:01 of 1st period - Stopped by Kevin Poulin with a rebound.
19:11 of 1st period - Slapshot by Milan Lucic.
19:11 of 1st period - Stopped by Kevin Poulin without a rebound.
19:12 of 1st period - Stephen Weiss wins face-off versus Marc Savard in Bruins zone.
19:19 of 1st period - Stephen Weiss is hit by Nathan Horton and loses puck.
19:27 of 1st period - Icing by Nathan Horton.
19:28 of 1st period - Marc Savard wins face-off versus Patrice Bergeron in Bruins zone.
19:28 of 1st period - Marc Savard is hit by Milan Lucic.
19:56 of 1st period - Slapshot by Marc Savard.
19:56 of 1st period - Stopped by Henrik Lundqvist with a rebound.
19:58 of 1st period - Slapshot by Shane O'Brien.
19:58 of 1st period - Deflect By Mike Cammalleri.
19:58 of 1st period - Stopped by Henrik Lundqvist without a rebound.
19:59 of 1st period - Patrice Bergeron wins face-off versus Henrik Sedin in Rangers zone.
Goals for this period are 0 for Rangers vs 2 for Bruins.
Shots for this period are 15 for Rangers vs 5 for Bruins.
2nd period
0:01 of 2nd period - Patrice Bergeron wins face-off versus Henrik Sedin in neutral zone.
0:06 of 2nd period - Henrik Sedin is hit by Patrice Bergeron and loses puck.
0:39 of 2nd period - Stephen Weiss is hit by Nathan Horton.
0:45 of 2nd period - Mark Fistric is hit by Nathan Horton and loses puck.
0:56 of 2nd period - Snap shot by Stephen Weiss.
0:56 of 2nd period - Shot Misses the Net.
0:58 of 2nd period - Wrist shot by Mark Fistric.
0:58 of 2nd period - Stopped by Kevin Poulin without a rebound.
0:59 of 2nd period - Henrik Sedin wins face-off versus James Neal in Bruins zone.
1:11 of 2nd period - Snap shot by Milan Lucic.
1:11 of 2nd period - Stopped by Kevin Poulin without a rebound.
1:12 of 2nd period - Patrice Bergeron wins face-off versus Henrik Sedin in Bruins zone.
1:15 of 2nd period - Wrist shot by James Neal.
1:15 of 2nd period - Stopped by Kevin Poulin with a rebound.
1:19 of 2nd period - Wrist shot by Milan Lucic.
1:19 of 2nd period - Deflect By Henrik Sedin.
1:19 of 2nd period - Shot Blocked by Wojtek Wolski.
1:19 of 2nd period - Puck is out of play.
1:20 of 2nd period - Henrik Sedin wins face-off versus Patrice Bergeron in Bruins zone.
1:27 of 2nd period - Wrist shot by Milan Lucic.
1:27 of 2nd period - Shot Blocked by Wojtek Wolski.
1:43 of 2nd period - Slapshot by Jason Demers.
1:43 of 2nd period - Shot Blocked by Ryan Suter.
2:03 of 2nd period - Wrist shot by James Neal.
2:03 of 2nd period - Stopped by Kevin Poulin without a rebound.
2:04 of 2nd period - Stephen Weiss wins face-off versus Dave Bolland in Bruins zone.
2:25 of 2nd period - Minor Penalty to Nate Prosser for Hooking.
2:26 of 2nd period - Henrik Sedin wins face-off versus Milan Lucic in Bruins zone.
3:13 of 2nd period - Nathan Horton is hit by Mike Cammalleri and loses puck.
3:18 of 2nd period - Snap shot by Stephen Weiss.
3:18 of 2nd period - Goal by Stephen Weiss - Rangers : 1 - Bruins : 2.
3:19 of 2nd period - Patrice Bergeron wins face-off versus Henrik Sedin in neutral zone.
4:07 of 2nd period - Sean Couturier is hit by Viktor Stalberg and loses puck.
4:26 of 2nd period - Nate Prosser is hit by Valtteri Filppula and loses puck.
5:33 of 2nd period - Staffan Kronwall is hit by Viktor Stalberg and loses puck.
5:52 of 2nd period - Valtteri Filppula is hit by Henrik Sedin.
6:02 of 2nd period - Slapshot by Darren Reid.
6:02 of 2nd period - Stopped by Kevin Poulin with a rebound.
6:14 of 2nd period - Cam Barker is hit by Jason Demers and loses puck.
6:55 of 2nd period - Cam Barker is hit by Wojtek Wolski and loses puck.
7:26 of 2nd period - Minor Penalty to Darren Reid for Tripping.
7:27 of 2nd period - Henrik Sedin wins face-off versus Milan Lucic in Rangers zone.
7:39 of 2nd period - Wrist shot by Wojtek Wolski.
7:39 of 2nd period - Stopped by Henrik Lundqvist without a rebound.
7:40 of 2nd period - Milan Lucic wins face-off versus Henrik Sedin in Rangers zone.
7:40 of 2nd period - Milan Lucic is hit by Nathan Horton.
7:50 of 2nd period - Slapshot by Wojtek Wolski.
7:50 of 2nd period - Stopped by Henrik Lundqvist with a rebound.
7:52 of 2nd period - Wrist shot by Wojtek Wolski.
7:52 of 2nd period - Shot Misses the Net.
9:26 of 2nd period - Penalty to Darren Reid is over, Darren Reid is back on ice.
9:58 of 2nd period - Snap shot by Nick Foligno.
9:58 of 2nd period - Deflect By Viktor Stalberg.
9:58 of 2nd period - Stopped by Kevin Poulin with a rebound.
10:59 of 2nd period - Mike Cammalleri is hit by Henrik Sedin.
12:08 of 2nd period - Slapshot by Sean Couturier.
12:08 of 2nd period - Stopped by Kevin Poulin with a rebound.
12:11 of 2nd period - Icing by Shane O'Brien.
12:12 of 2nd period - Marc Savard wins face-off versus Patrice Bergeron in Bruins zone.
12:12 of 2nd period - Marc Savard is hit by Milan Lucic.
12:46 of 2nd period - Snap shot by Nikolai Zherdev.
12:46 of 2nd period - Shot Blocked by Jakob Silfverberg.
13:10 of 2nd period - Slapshot by Cam Barker.
13:10 of 2nd period - Shot Misses the Net.
13:28 of 2nd period - Sean Couturier is hit by Alex Tanguay and loses puck.
14:00 of 2nd period - Snap shot by Henrik Sedin.
14:00 of 2nd period - Stopped by Henrik Lundqvist with a rebound.
14:16 of 2nd period - Nate Prosser is hit by Ryan Suter and loses puck.
15:41 of 2nd period - Off-side.
15:42 of 2nd period - Henrik Sedin wins face-off versus Sean Couturier in neutral zone.
15:47 of 2nd period - Snap shot by Wojtek Wolski.
15:47 of 2nd period - Stopped by Henrik Lundqvist with a rebound.
15:49 of 2nd period - Slapshot by Cam Fowler.
15:49 of 2nd period - Shot Blocked by Sean Couturier.
15:51 of 2nd period - Snap shot by Victor Oreskovich.
15:51 of 2nd period - Shot Misses the Net.
15:55 of 2nd period - Snap shot by Henrik Sedin.
15:55 of 2nd period - Stopped by Henrik Lundqvist without a rebound.
15:56 of 2nd period - Henrik Sedin wins face-off versus James Neal in Rangers zone.
16:03 of 2nd period - Snap shot by Wojtek Wolski.
16:03 of 2nd period - Shot Misses the Net.
16:05 of 2nd period - Slapshot by Andrew Alberts.
16:05 of 2nd period - Shot Misses the Net.
16:07 of 2nd period - Wrist shot by Cam Fowler.
16:07 of 2nd period - Deflect By Victor Oreskovich.
16:07 of 2nd period - Shot Misses the Net.
16:07 of 2nd period - Puck is out of play.
16:08 of 2nd period - James Neal wins face-off versus Henrik Sedin in Rangers zone.
17:25 of 2nd period - Backhand shot by Cam Fowler.
17:25 of 2nd period - Deflect By Mike Fisher.
17:25 of 2nd period - Stopped by Henrik Lundqvist without a rebound.
17:26 of 2nd period - Henrik Sedin wins face-off versus Patrice Bergeron in Rangers zone.
17:33 of 2nd period - Snap shot by Wojtek Wolski.
17:33 of 2nd period - Stopped by Henrik Lundqvist with a rebound.
18:14 of 2nd period - Rene Bourque is hit by Matt Greene.
18:42 of 2nd period - Wrist shot by Nikolai Zherdev.
18:42 of 2nd period - Shot Misses the Net.
18:56 of 2nd period - Adam McQuaid is hit by James Neal and loses puck.
19:02 of 2nd period - Icing by Henrik Sedin.
19:03 of 2nd period - Henrik Sedin wins face-off versus Patrice Bergeron in Bruins zone.
19:57 of 2nd period - Off-side.
19:58 of 2nd period - Henrik Sedin wins face-off versus Patrice Bergeron in neutral zone.
Goals for this period are 1 for Rangers vs 0 for Bruins.
Shots for this period are 8 for Rangers vs 7 for Bruins.
3rd period
0:01 of 3rd period - Henrik Sedin wins face-off versus Patrice Bergeron in neutral zone.
0:28 of 3rd period - Patrice Bergeron is hit by Victor Oreskovich and loses puck.
0:45 of 3rd period - Wrist shot by Henrik Sedin.
0:45 of 3rd period - Shot Blocked by Milan Lucic.
0:49 of 3rd period - Wrist shot by Wojtek Wolski.
0:49 of 3rd period - Stopped by Henrik Lundqvist with a rebound.
0:51 of 3rd period - Slapshot by Shane O'Brien.
0:51 of 3rd period - Stopped by Henrik Lundqvist without a rebound.
0:52 of 3rd period - Marc Savard wins face-off versus Stephen Weiss in Rangers zone.
1:05 of 3rd period - Slapshot by Nathan Horton.
1:05 of 3rd period - Goal by Nathan Horton - Rangers : 1 - Bruins : 3.
1:06 of 3rd period - Patrice Bergeron wins face-off versus Marc Savard in neutral zone.
1:20 of 3rd period - Milan Lucic is hit by Jason Demers and loses puck.
1:43 of 3rd period - Wrist shot by Victor Oreskovich.
1:43 of 3rd period - Shot Blocked by Cam Barker.
1:55 of 3rd period - Snap shot by Dave Bolland.
1:55 of 3rd period - Stopped by Henrik Lundqvist without a rebound.
1:56 of 3rd period - Dave Bolland wins face-off versus Nathan Gerbe in Rangers zone.
1:57 of 3rd period - Wrist shot by Rene Bourque.
1:57 of 3rd period - Shot Misses the Net.
1:59 of 3rd period - Slapshot by Andrew Alberts.
1:59 of 3rd period - Stopped by Henrik Lundqvist with a rebound.
2:01 of 3rd period - Backhand shot by Viktor Stalberg.
2:01 of 3rd period - Stopped by Henrik Lundqvist without a rebound.
2:02 of 3rd period - Dave Bolland wins face-off versus Patrice Bergeron in Rangers zone.
2:09 of 3rd period - Snap shot by Dave Bolland.
2:09 of 3rd period - Stopped by Henrik Lundqvist without a rebound.
2:10 of 3rd period - Patrice Bergeron wins face-off versus Henrik Sedin in Rangers zone.
2:19 of 3rd period - Wrist shot by Wojtek Wolski.
2:19 of 3rd period - Shot Blocked by James Neal.
2:42 of 3rd period - Alex Tanguay is hit by Mike Cammalleri and loses puck.
3:21 of 3rd period - Snap shot by Darren Reid.
3:21 of 3rd period - Shot Misses the Net.
3:40 of 3rd period - Mark Fistric is hit by Shane O'Brien and loses puck.
3:48 of 3rd period - Icing by Wojtek Wolski.
3:49 of 3rd period - Stephen Weiss wins face-off versus Henrik Sedin in Bruins zone.
3:52 of 3rd period - Wrist shot by Jakob Silfverberg.
3:52 of 3rd period - Stopped by Kevin Poulin with a rebound.
4:00 of 3rd period - Wrist shot by Wojtek Wolski.
4:00 of 3rd period - Shot Misses the Net.
4:02 of 3rd period - Snap shot by Victor Oreskovich.
4:02 of 3rd period - Stopped by Henrik Lundqvist with a rebound.
4:04 of 3rd period - Backhand shot by Shane O'Brien.
4:04 of 3rd period - Stopped by Henrik Lundqvist without a rebound.
4:05 of 3rd period - Marc Savard wins face-off versus Patrice Bergeron in Rangers zone.
5:25 of 3rd period - Wrist shot by Patrice Bergeron.
5:25 of 3rd period - Deflect By Milan Lucic.
5:25 of 3rd period - Shot Blocked by Shane O'Brien.
5:25 of 3rd period - Puck is out of play.
5:26 of 3rd period - Marc Savard wins face-off versus Stephen Weiss in Bruins zone.
5:53 of 3rd period - Wrist shot by Matt Read.
5:53 of 3rd period - Stopped by Kevin Poulin with a rebound.
5:55 of 3rd period - Slapshot by Staffan Kronwall.
5:55 of 3rd period - Shot Blocked by Victor Oreskovich.
5:59 of 3rd period - Slapshot by Matt Read.
5:59 of 3rd period - Shot Blocked by Cam Fowler.
6:38 of 3rd period - Wrist shot by Stephen Weiss.
6:38 of 3rd period - Stopped by Kevin Poulin without a rebound.
6:39 of 3rd period - Henrik Sedin wins face-off versus Stephen Weiss in Bruins zone.
7:05 of 3rd period - Mike Cammalleri is hit by Victor Oreskovich and loses puck.
8:38 of 3rd period - Mike Cammalleri is hit by Victor Oreskovich and loses puck.
9:02 of 3rd period - Icing by Victor Oreskovich.
9:03 of 3rd period - Henrik Sedin wins face-off versus Patrice Bergeron in Bruins zone.
9:12 of 3rd period - Backhand shot by Wojtek Wolski.
9:12 of 3rd period - Stopped by Henrik Lundqvist with a rebound.
9:44 of 3rd period - Slapshot by Henrik Sedin.
9:44 of 3rd period - Stopped by Henrik Lundqvist with a rebound.
9:46 of 3rd period - Slapshot by Shane O'Brien.
9:46 of 3rd period - Shot Blocked by James Neal.
9:48 of 3rd period - Wrist shot by Wojtek Wolski.
9:48 of 3rd period - Stopped by Henrik Lundqvist with a rebound.
10:00 of 3rd period - Snap shot by Wojtek Wolski.
10:00 of 3rd period - Shot Misses the Net.
10:02 of 3rd period - Wrist shot by Wojtek Wolski.
10:02 of 3rd period - Stopped by Henrik Lundqvist with a rebound.
10:10 of 3rd period - Slapshot by Henrik Sedin.
10:10 of 3rd period - Shot Misses the Net.
10:45 of 3rd period - Snap shot by Wojtek Wolski.
10:45 of 3rd period - Shot Blocked by Matt Greene.
10:59 of 3rd period - Wrist shot by Henrik Sedin.
10:59 of 3rd period - Stopped by Henrik Lundqvist with a rebound.
11:01 of 3rd period - Slapshot by Jason Demers.
11:01 of 3rd period - Stopped by Henrik Lundqvist with a rebound.
11:03 of 3rd period - Slapshot by Jason Demers.
11:03 of 3rd period - Stopped by Henrik Lundqvist without a rebound.
11:04 of 3rd period - Marc Savard wins face-off versus Sean Couturier in Rangers zone.
11:29 of 3rd period - Valtteri Filppula is hit by Andrew Alberts and loses puck.
11:36 of 3rd period - Wrist shot by Dave Bolland.
11:36 of 3rd period - Stopped by Henrik Lundqvist with a rebound.
11:38 of 3rd period - Slapshot by Adam McQuaid.
11:38 of 3rd period - Shot Misses the Net.
11:40 of 3rd period - Wrist shot by Dave Bolland.
11:40 of 3rd period - Shot Misses the Net.
12:04 of 3rd period - Adam McQuaid is hit by Nick Foligno and loses puck.
13:37 of 3rd period - Mike Cammalleri is hit by Nikolai Zherdev and loses puck.
19:47 of 3rd period - Victor Oreskovich is hit by Sean Couturier and loses puck.
Goals for this period are 0 for Rangers vs 1 for Bruins.
Shots for this period are 3 for Rangers vs 17 for Bruins.
Back to the Top